 Dungeon Crawl Stone Soup version 0.28.0-49-g6dfe1f597d (webtiles) character file.

Game seed: 16462684356048204442

64 Atelerd the Digger (level 4, -2/27 HPs)
             Began as an Octopode Earth Elementalist on May 15, 2022.
             Slain by a scorpion (5 damage)
             ... on level 4 of the Dungeon.
             The game lasted 00:02:26 (2222 turns).

Atelerd the Digger (Octopode Earth Elementalist)    Turns: 2222, Time: 00:02:27

Health: -2/27      AC:  1    Str:  7    XL:     4   Next: 12%
Magic:  3/8        EV: 13    Int: 19    God:
Gold:   42         SH:  0    Dex: 12    Spells: 7/8 levels left

rFire   . . .      SeeInvis .   c - +0 short sword
rCold   . . .      Faith    .   (no shield)
rNeg    . . .      Spirit   .   (helmet restricted)
rPois   .          Reflect  .   d - amulet of regeneration
rElec   .          Harm     .   (no ring)
rCorr   .          Rampage  .   (no ring)
Will    .....                   (no ring)
Stlth   +++.......              (no ring)
HPRegen 0.89/turn               (no ring)
MPRegen 0.11/turn               (no ring)
                                (no ring)
                                (no ring)

@: lethally poisoned (-2 -> -12)
A: almost no armour, amphibious, 8 rings, camouflage 1, gelatinous body 1,
(nimble swimmer 1), tentacles
a: no special abilities


You were on level 4 of the Dungeon.
You visited 1 branch of the dungeon, and saw 5 of its levels.

You collected 42 gold pieces.

Inventory:

Hand Weapons
 c - a +0 short sword (weapon)
Missiles
 b - 90 stones
Jewellery
 d - an amulet of regeneration (around mantle)
Scrolls
 a - 2 scrolls of identify {unknown}
 e - a scroll of magic mapping {unknown}
 f - a scroll of vulnerability {unknown}
 g - a scroll of amnesia {unknown}
 h - a scroll of teleportation {unknown}
 i - 2 scrolls of enchant weapon {unknown}
 j - a scroll of immolation {unknown}
 k - a scroll of summoning {unknown}


   Skills:
 - Level 2.0 Dodging
 - Level 2.6 Stealth
 + Level 2.7 Spellcasting
 + Level 2.2 Transmutations
 + Level 3.7 Earth Magic


You had 7 spell levels left.
You knew the following spells:

 Your Spells              Type           Power      Damage    Failure   Level
a - Sandblast             Erth           32%        2d9       3%          1

Your spell library contained the following spells:

 Spells                   Type           Power      Damage    Failure   Level
 Passwall                 Tmut/Erth      11%        N/A       7%          2
 Stone Arrow              Conj/Erth      18%        3d8       22%         3
 Petrify                  Tmut/Erth      14%        N/A       41%         4


Dungeon Overview and Level Annotations

Branches:
Dungeon (5/15)
 Temple: D:4-7

Altars:
Uskayaw

Shops:
D:3 :

Annotations:
D:1 exclusion: downstairs
D:2 Terence


Innate Abilities, Weirdness & Mutations

You cannot wear most types of armour.
You are amphibious.
You can wear up to eight rings at the same time.
Your skin changes colour to match your surroundings (Stealth+).
Your rubbery body absorbs attacks. (AC +1, EV +1)
((You are camouflaged when in or above water. (Stealth+)))
You have tentacles for arms and can constrict up to eight enemies at once.


Message History

Unknown command.
You hit the scorpion but do no damage. You squeeze the scorpion.
The scorpion is lightly wounded.
You constrict the scorpion.
You feel sick. The scorpion barely misses you.
Casting: Sandblast (safe; 3% risk of failure)
Confirm with . or Enter, or press ? or * to list all spells.
Aiming: Sandblast (safe; 3% risk of failure)
Press: ? - help, Shift-Dir - straight line, f/p - scorpion
Aim: a scorpion (lightly wounded, constricted by you, 100% to hit)
The blast of sand hits the scorpion.
The scorpion is heavily wounded.
You constrict the scorpion, but do no damage.
You feel sick. The scorpion completely misses you. The scorpion stings you.
You are more poisoned.
The scorpion poisons you!
Casting: Sandblast (safe; 3% risk of failure)
Confirm with . or Enter, or press ? or * to list all spells.
Aiming: Sandblast (safe; 3% risk of failure)
Press: ? - help, Shift-Dir - straight line, f/p - scorpion
Aim: a scorpion (heavily wounded, constricted by you, 100% to hit)
The blast of sand hits the scorpion.
The scorpion is heavily wounded.
You constrict the scorpion.
You feel very sick. The scorpion stings you.
* * * LOW HITPOINT WARNING * * *
You are lethally poisoned!
The scorpion poisons you!
Casting: Sandblast (safe; 3% risk of failure)
Confirm with . or Enter, or press ? or * to list all spells.
Aiming: Sandblast (safe; 3% risk of failure)
Press: ? - help, Shift-Dir - straight line, f/p - scorpion
Aim: a scorpion (heavily wounded, constricted by you, 100% to hit)
The blast of sand hits the scorpion.
The scorpion is severely wounded.
You constrict the scorpion.
* * * LOW HITPOINT WARNING * * *
You feel very sick. The scorpion stings you.
You die...

$...|........Z... ....
.......#..####... <...
#..#####..####Z.# .....
#... #..$Z......
#...###..###..###:##...
.#....#........ ####.##
............... ##.....#
.......s....... #.......
#...@................
.....#####............##
... #..........# .
.......... ..........
.......... ........
...... ..###


You could see a scorpion.

Vanquished Creatures
  A gnoll (D:1)
  3 orcs (D:5)
  2 ball pythons
  5 bats
  4 endoplasms
  2 giant cockroaches
  7 hobgoblins
  2 jackals (D:1)
  7 kobolds
  3 quokkas
  2 frilled lizards
  4 goblins
  3 rats
45 creatures vanquished.

Notes
Turn   | Place    | Note
-------+----------+-------------------------------------------
     0 | D:1      | Atelerd the Octopode Earth Elementalist began the quest for
                  | the Orb.
     0 | D:1      | Reached XP level 1. HP: 11/11 MP: 3/3
    73 | D:1      | Reached XP level 2. HP: 17/17 MP: 1/5
   169 | D:1      | Found a faded altar of an unknown god.
  1032 | D:1      | Reached XP level 3. HP: 15/21 MP: 6/6
  1424 | D:2      | Noticed Terence
  1672 | D:3      | Found Juduw's Book Boutique.
  2108 | D:5      | Entered Level 5 of the Dungeon
  2135 | D:5      | Reached XP level 4. HP: 27/27 MP: 4/8
  2188 | D:5      | Noticed an ogre
  2194 | D:5      | Found a hide-covered altar of Uskayaw.
  2194 | D:5      | Noticed a scorpion
  2222 | D:4      | Slain by a scorpion

Illustrated notes

Levels and vault maps discovered:
D:1:      dpeg_arrival_court, layout_loops_ring,
          chequers_ecumenical_altar_island, lemuel_old_faithful
D:2:      layout_rooms, minmay_fractal_squares_gapless_5, uniq_sigmund,
          uniq_terence
D:3:      layout_rooms, serial_shops, nicolae_square_shop
D:4:      layout_cave_pools, uniq_blork_the_orc
D:5:      layout_cave_pools, okawaru_metal_pillars_1_2, serial_column_ruins,
          column_ruins_square_medium, column_ruins_open_medium,
          column_ruins_columns_straight, column_ruins_open_small,
          column_ruins_open_small_water, minmay_tree_intersection,
          hangedman_feature_mirror

Skill      XL: |  1  2  3 |
---------------+----------+-----
Transmutations | 2 |  2.2
Dodging        | |  2.0
Stealth        | |  2.6
Spellcasting   | |  2.7
Earth Magic    | |  3.7

Action                   |  1- 3 |  4- 6 || total
-------------------------+-------+-------++-------
Melee: Short sword       |    46 |     9 ||    55
       Constrict         |    12 |     4 ||    16
       Tentacles         |     6 |     1 ||     7
       Punch             |     1 |       ||     1
 Cast: Sandblast         |    31 |    11 ||    42
 Stab: Sleeping          |     7 |       ||     7
Armor: Skin              |     5 |     1 ||     6
Dodge: Dodged            |    28 |    11 ||    39
